 Dungeon Crawl Stone Soup version 0.31-a0-1610-g9787180 (webtiles) character file.

Game seed: 9605254315865719742

140 PidgeyThePirate the Chopper (level 5, -4/47 HPs)
             Began as a Gnoll Chaos Knight on Jan 8, 2024.
             Was a Plaything of Xom.
             Slain by Crazy Yiuf
             ... wielding a +4 quarterstaff of chaos
              (14 damage)
             ... on level 3 of the Dungeon.
             The game lasted 00:06:15 (2951 turns).

PidgeyThePirate the Chopper (Gnoll Chaos Knight)    Turns: 2951, Time: 00:06:17

Health: -4/47      AC:  9    Str: 13    XL:     5   Next: 23%
Magic:  7/7        EV: 10    Int: 11    God:    Xom [...*..]
Gold:   184        SH:  0    Dex: 12    Spells: 6/6 levels left

rFire   . . .        w - +1 executioner's axe (chaos)
rCold   . . .        (shield currently unavailable)
rNeg    . . .        f - +0 scale mail
rPois   .            s - +0 helmet
rElec   .            t - +0 cloak
rCorr   .            (no gloves)
SInv    .            (no boots)
Will    .....        (no amulet) Stlth
                     (no ring)
HPRegen 0.27/turn    (no ring)
MPRegen 0.10/turn

%: no passive effects
@: lethally poisoned (-4 -> -21)
A: fangs 1, strong nose, distributed training
a: Renounce Religion


You were on level 3 of the Dungeon.
You worshipped Xom.
You were a favourite toy of Xom.
You visited 1 branch of the dungeon, and saw 3 of its levels.

You collected 184 gold pieces.

Inventory:

Hand Weapons
 a - a +1 hand axe of chaos
 v - a +2 heavy flail
 w - a +1 executioner's axe of chaos (weapon)
Missiles
 i - 6 datura-tipped darts (quivered)
Armour
 b - a +2 leather armour
 e - an orb of mayhem
 f - a +0 scale mail (worn)
 s - a +0 helmet (worn)
 t - a +0 cloak (worn)
Jewellery
 u - a ring of magical power
Wands
 x - a wand of flame (4)
Scrolls
 c - a scroll of butterflies
 d - a scroll of enchant armour {unknown}
 m - a scroll of fear {unknown}
 o - 2 scrolls of amnesia {unknown}
 p - a scroll of blinking {unknown}
 q - a scroll of identify
 r - a scroll of teleportation
Potions
 g - a potion of ambrosia {unknown}
 h - a potion of brilliance {unknown}
 j - 3 potions of might {unknown}
 k - 4 potions of heal wounds
 l - a potion of mutation {unknown}
 n - a potion of enlightenment {unknown}


   Skills:
 + Level 6.7 Fighting
 + Level 1.4 Short Blades
 + Level 1.4 Long Blades
 + Level 6.7 Axes
 + Level 1.4 Maces & Flails
 + Level 1.4 Polearms
 + Level 1.4 Staves
 + Level 1.4 Ranged Weapons
 + Level 1.4 Throwing
 + Level 4.8 Armour
 + Level 3.0 Dodging
 + Level 1.4 Stealth
 + Level 1.4 Shields
 + Level 1.4 Unarmed Combat
 + Level 1.4 Spellcasting
 + Level 1.1 Conjurations
 + Level 1.1 Hexes
 + Level 1.1 Summonings
 + Level 1.1 Necromancy
 + Level 1.1 Translocations
 + Level 1.1 Fire Magic
 + Level 1.1 Ice Magic
 + Level 1.1 Air Magic
 + Level 1.1 Earth Magic
 + Level 1.1 Alchemy
 + Level 1.6 Invocations
 + Level 1.4 Evocations
 + Level 1.3 Shapeshifting


You had 6 spell levels left.
You didn't know any spells.
Your spell library was empty.

Dungeon Overview and Level Annotations

Branches:
Dungeon (3/15)

Altars:
Vehumet
Xom

Annotations:
D:3 Crazy Yiuf


Innate Abilities, Weirdness & Mutations

You have very sharp teeth.
Your uncanny sense of smell can sniff out nearby items.
Your experience applies equally to all skills.


Message History

Your +1 executioner's axe of chaos is briefly surrounded by a scintillating aura of random colours.
w - a +1 executioner's axe of chaos (weapon)
Xom's generous nature manifests itself.
Something appears at your feet!
You see here a wand of flame (4).
You are now a favourite toy of Xom.
x - a wand of flame (4)
Things that are here:
a +0 scale mail; the human skeleton of Terence You open the door.
There is an open door here.
Found a hammer.
Found a runed translucent door.
Crazy Yiuf shouts!
Crazy Yiuf considers dialectic materialism.
There is a faded altar of an unknown god here.
Crazy Yiuf screams, "Rot alas bush!"
You open the door. You hit Crazy Yiuf.
Crazy Yiuf is poisoned.
Crazy Yiuf is lightly wounded.
Crazy Yiuf hits you but does no damage.
Crazy Yiuf hits you with a +4 quarterstaff of chaos.
You are poisoned.
You closely miss Crazy Yiuf. You bite Crazy Yiuf, but do no damage.
Crazy Yiuf is lightly wounded.
You feel very sick.
Crazy Yiuf laughs, "Leather!
Island ragdoll hog."
Crazy Yiuf barely misses you.
You completely miss Crazy Yiuf.
Crazy Yiuf is lightly wounded.
You feel sick.
Crazy Yiuf hits you with a +4 quarterstaff of chaos!
You are more poisoned.
Crazy Yiuf hits you with a +4 quarterstaff of chaos!
You slash Crazy Yiuf!
Crazy Yiuf is almost dead.
* * * LOW HITPOINT WARNING * * *
You feel extremely sick.
Crazy Yiuf hits you with a +4 quarterstaff of chaos.
* * * LOW HITPOINT WARNING * * *
You are electrocuted!
You die...

..######)#.# ##....###..#.#
....>.##.#.# #....# #..#.#
.####....#.# ♣PPP.♣ #..#.# .#
###....# ♣♣.P.♣ #..#.#
.######..#.# ♣♣.♣♣ #..#.#
.......#...# ♣♣.♣ #....#
..####.###.# ♣.♣♣ ##.### ..#
#.# #.# ♣♣.♣ #..# ..####.# #>#
♣@♣♣ #### ....##.# #.# #g#
############ ..#.##.# #.# ...
#........... ..#.##.# #)# #...#
#.......†### ###.##.###.# #)..#
#........# #.##.....# #####
#........# #.#......#
#........# ###.#.######
######........#
...(#.###########.##..........#


You could see Crazy Yiuf (very poisoned).

Vanquished Creatures
  Jessica (D:3)
  Terence (D:3)
  2 dart slugs
  A ribbon worm (D:3)
  5 orcs (D:3)
  4 ball pythons
  7 bats
  7 endoplasms
  3 giant cockroaches
  6 goblins
  7 hobgoblins
  3 jackals (D:2)
  2 quokkas (D:1)
  A frilled lizard (D:1)
  7 kobolds
  8 rats
65 creatures vanquished.

Vanquished Creatures (collateral kills)
  An orc (D:3)
  A giant cockroach (D:2)
  2 kobolds
  A quokka (D:2)
5 creatures vanquished.

Vanquished Creatures (others)
  An orc (D:3)
1 creature vanquished.

Grand Total: 71 creatures vanquished

Notes
Turn   | Place    | Note
-------+----------+-------------------------------------------
     0 | D:1      | PidgeyThePirate the Gnoll Chaos Knight began the quest for
                  | the Orb.
     0 | D:1      | Reached XP level 1. HP: 23/23 MP: 1/1
    58 | D:1      | Reached XP level 2. HP: 28/29 MP: 2/2
   225 | D:1      | XOM: divination: magic mapping
   464 | D:1      | XOM: silly message
   494 | D:1      | Reached XP level 3. HP: 35/35 MP: 3/3
   744 | D:1      | XOM: divination: magic mapping
   780 | D:1      | XOM: cloud trail
   891 | D:2      | XOM: god gift: 59 gold pieces
   929 | D:2      | Reached skill level 1 in Invocations
  1062 | D:2      | XOM: summons 2 hostile demons
  1185 | D:2      | Reached skill level 1 in Short Blades
  1185 | D:2      | Reached skill level 1 in Long Blades
  1185 | D:2      | Reached skill level 1 in Maces & Flails
  1185 | D:2      | Reached skill level 1 in Polearms
  1185 | D:2      | Reached skill level 1 in Staves
  1185 | D:2      | Reached skill level 1 in Ranged Weapons
  1185 | D:2      | Reached skill level 1 in Throwing
  1185 | D:2      | Reached skill level 1 in Stealth
  1185 | D:2      | Reached skill level 1 in Shields
  1185 | D:2      | Reached skill level 1 in Unarmed Combat
  1185 | D:2      | Reached skill level 1 in Spellcasting
  1185 | D:2      | Reached skill level 1 in Evocations
  1315 | D:2      | XOM: scenery: create altars
  1358 | D:2      | XOM: god gift: 52 gold pieces
  1422 | D:2      | Reached skill level 1 in Shapeshifting
  1422 | D:2      | Reached XP level 4. HP: 41/41 MP: 5/5
  1502 | D:2      | XOM: snakes to sticks
  1991 | D:3      | Noticed Jessica
  1991 | D:3      | XOM: summons friendly ufetubus
  1994 | D:3      | Killed Jessica
  1995 | D:3      | Reached skill level 1 in Conjurations
  1995 | D:3      | Reached skill level 1 in Hexes
  1995 | D:3      | Reached skill level 1 in Summonings
  1995 | D:3      | Reached skill level 1 in Necromancy
  1995 | D:3      | Reached skill level 1 in Translocations
  1995 | D:3      | Reached skill level 1 in Fire Magic
  1995 | D:3      | Reached skill level 1 in Ice Magic
  1995 | D:3      | Reached skill level 1 in Air Magic
  1995 | D:3      | Reached skill level 1 in Earth Magic
  1995 | D:3      | Reached skill level 1 in Alchemy
  2262 | D:3      | Found a faded altar of an unknown god.
  2381 | D:3      | Found a radiant altar of Vehumet.
  2427 | D:3      | Noticed Terence
  2435 | D:3      | Killed Terence
  2436 | D:3      | Reached XP level 5. HP: 28/47 MP: 7/7
  2672 | D:3      | XOM: god gift: +1 executioner's axe of chaos
  2722 | D:3      | XOM: god gift: ivory wand {god gift}
  2852 | D:3      | Found a runed translucent door.
  2853 | D:3      | Noticed Crazy Yiuf
  2951 | D:3      | Slain by Crazy Yiuf

Illustrated notes

Levels and vault maps discovered:
D:1:      dpeg_arrival_rooms_b, layout_loops_ring, minmay_pentomino_o2
D:2:      layout_basic
D:3:      layout_basic, nicolae_vehumet_radiance, shapermc_ecumenical_altar_gd,
          minmay_misc_feat_diagonals, uniq_jessica, uniq_crazy_yiuf_cottage,
          uniq_terence

Skill      XL: |  1  2  3  4 |
---------------+-------------+-----
Invocations    | 1 |  1.6
Short Blades   | 1 |  1.4
Long Blades    | 1 |  1.4
Maces & Flails | 1 |  1.4
Polearms       | 1 |  1.4
Staves         | 1 |  1.4
Ranged Weapons | 1 |  1.4
Throwing       | 1 |  1.4
Stealth        | 1 |  1.4
Shields        | 1 |  1.4
Unarmed Combat | 1 |  1.4
Spellcasting   | 1 |  1.4
Evocations     | 1 |  1.4
Shapeshifting  | 1 |  1.3
Conjurations   | 1 |  1.1
Hexes          | 1 |  1.1
Summonings     | 1 |  1.1
Necromancy     | 1 |  1.1
Translocations | 1 |  1.1
Fire Magic     | 1 |  1.1
Ice Magic      | 1 |  1.1
Air Magic      | 1 |  1.1
Earth Magic    | 1 |  1.1
Alchemy        | 1 |  1.1
Dodging        | 3 |  3.0
Fighting       | |  6.7
Axes           | |  6.7
Armour         | |  4.8

Action                     |  1- 3 |  4- 6 || total
---------------------------+-------+-------++-------
  Melee: Hand axe          |   152 |    63 ||   215
         Bite              |    19 |     6 ||    25
         Executioner's axe |       |     4 ||     4
    Use: Scroll            |     6 |       ||     6
   Stab: Petrified         |     1 |       ||     1
 Armour: Leather armour    |    11 |       ||    11
         Scale mail        |   102 |    46 ||   148
  Dodge: Dodged            |    79 |    38 ||   117

Table legend: (Time is in decaauts)
 A = Elapsed time spent in this place.
 B = Non-inter-level travel time spent in this place.
 C = Inter-level travel time spent in this place.
 D = Time resting spent in this place.
 E = Time spent auto-exploring this place.
 F = Levels seen in this place.
 G = Mean time per level.
                   A        B        C        D        E       F      G
               +--------+--------+--------+--------+--------+-----+--------+
         Total |   2945 |   2848 |     97 |      0 |   2178 |   3 |  981.7 |
       Dungeon |   2945 |   2848 |     97 |      0 |   2178 |   3 |  981.7 |
               +--------+--------+--------+--------+--------+-----+--------+

Top non-repeatable levels by time:
     D:3: 1131 daAuts
     D:2: 932 daAuts
     D:1: 881 daAuts
